 Dungeon Crawl Stone Soup version 0.24.0-125-gc4c63601f3 (webtiles) character file.

Game seed: 2421223898833849617, levelgen mode: deterministic

296 Curus the Chopper (level 6, -1/51 HPs)
             Began as a Minotaur Abyssal Knight on Mar 19, 2020.
             Was a Priest of Lugonu.
             Slain by a gnoll
             ... wielding a +0 halberd of chopping
              (3 damage)
             ... on level 6 of the Dungeon.
             The game lasted 00:10:56 (2158 turns).

Curus the Chopper (Minotaur Abyssal Knight)         Turns: 2158, Time: 00:10:57

Health: -1/51      AC:  6    Str: 17    XL:     6   Next: 12%
Magic:  0/8        EV:  9    Int:  9    God:    Lugonu [***...]
Gold:   155        SH:  0    Dex: 11    Spells: 5/5 levels left

rFire    . . .     SeeInvis .   o - +0 hand axe (vamp)
rCold    . . .     Gourm    .   (no shield)
rNeg     . . .     Faith    .   k - +0 scale mail
rPois    +         Spirit   +   (helmet restricted)
rElec    .         Reflect  .   (no cloak)
rCorr    .         Harm     .   (no gloves)
MR       .....                  (no boots)
Stlth    ..........             g - amulet of guardian spirit
HPRegen  0.17/turn              e - ring of poison resistance
MPRegen  0.11/turn              (no ring)

@: berserk cooldown, slowed, very slow
A: retaliatory headbutt, horns 2
a: Depart the Abyss, Bend Space, Banish, Renounce Religion


You were on level 6 of the Dungeon.
You worshipped Lugonu.
Lugonu was most pleased with you.
You were not hungry.

You visited 1 branch of the dungeon, and saw 4 of its levels.
You visited the Abyss 1 time.

You collected 155 gold pieces.

Inventory:

Hand Weapons
 a - a +2 hand axe
 o - a +0 vampiric hand axe (weapon)
Armour
 b - a +0 leather armour
 d - a +0 ring mail
 k - a +0 scale mail (worn)
Jewellery
 e - a ring of poison resistance (left hand)
 g - an amulet of guardian spirit (around neck)
 i - an uncursed amulet of rage
 j - an uncursed amulet of rage
Scrolls
 f - 4 scrolls of teleportation
 l - 3 scrolls of identify
 n - 2 scrolls of remove curse
Comestibles
 c - 5 rations


   Skills:
 - Level 3.6 Fighting
 + Level 5.7 Axes
 - Level 2.4 Armour
 - Level 1.1 Dodging
 + Level 4.7 Invocations


You had 5 spell levels left.
You didn't know any spells.
Your spell library was empty.

Dungeon Overview and Level Annotations

Branches:
Dungeon (3/15)

Altars:


Innate Abilities, Weirdness & Mutations

You reflexively headbutt those who attack you in melee.
You have a pair of horns on your head.


Message History

The gnoll is almost dead.
You slash the gnoll!
You feel better.
You kill the gnoll!
Lugonu accepts your kill. The gnoll barely misses you.
You are no longer berserk.
You are exhausted.
You feel yourself slow down.
The gnoll hits you with a +0 halberd of chopping.
* * * LOW HITPOINT WARNING * * *
x2
Things that are here:
a gnoll corpse x2
You hit the gnoll but do no damage. You headbutt the gnoll.
The gnoll is lightly wounded.
The gnoll completely misses you.
You closely miss the gnoll.
The gnoll is lightly wounded.
The gnoll hits you with a +0 halberd of chopping!
* * * LOW HITPOINT WARNING * * *
You die...

.........P...
≈≈≈h≈≈≈≈≈ ≈≈≈≈≈
##### #).)#
#.†.# #'### #)#
#@#
#############g#
.......gggg.gg#
.......)gg..gg#
......)######.#
....(.. #.#
####### #.#
#)### #...#


You could see 5 gnolls.

Vanquished Creatures
  Terence (D:2)
  13 gnolls (D:6)
  4 adders
  An ooze (D:2)
  4 worms (D:2)
  4 dart slugs
  3 leopard geckos
  3 ball pythons
  9 bats
  3 giant cockroaches
  13 hobgoblins
  8 jackals
  2 quokkas (D:2)
  2 frilled lizards
  6 goblins
  7 kobolds
  9 rats
92 creatures vanquished.

Notes
Turn   | Place    | Note
-------+----------+-------------------------------------------
     0 | Abyss:1  | Curus the Minotaur Abyssal Knight began the quest for the
                  | Orb.
     0 | Abyss:1  | Reached XP level 1. HP: 19/19 MP: 1/1
     7 | Abyss:1  | Noticed a thrashing horror
     8 | D:1      | Escaped the Abyss
   127 | D:1      | Reached XP level 2. HP: 22/26 MP: 2/2
   130 | D:1      | Reached * piety under Lugonu
   130 | D:1      | Reached skill level 3 in Axes
   885 | D:1      | Reached XP level 3. HP: 31/31 MP: 2/4
  1009 | D:2      | Noticed Terence
  1017 | D:2      | Killed Terence
  1062 | D:2      | Reached skill level 4 in Axes
  1254 | D:2      | Reached XP level 4. HP: 36/39 MP: 5/5
  1316 | D:2      | Reached ** piety under Lugonu
  1728 | D:3      | Reached XP level 5. HP: 45/45 MP: 6/6
  2018 | D:3      | Reached skill level 5 in Axes
  2076 | D:3      | You fall into a shaft and drop 3 floors!
  2082 | D:6      | Reached *** piety under Lugonu
  2139 | D:6      | Reached XP level 6. HP: 18/51 MP: 4/8
  2158 | D:6      | HP: 2/51 [gnoll/+0 halberd of chopping (10)]
  2158 | D:6      | Slain by a gnoll

Levels and vault maps discovered:
D:1:      dpeg_arrival_simpleton_b, layout_loops_corners, serial_forest,
          infiniplex_forest_clump_diagonal, infiniplex_forest_zigzag_2,
          infiniplex_forest_split, infiniplex_forest_lined_4_way,
          infiniplex_forest_join, infiniplex_forest_lined_3,
          infiniplex_forest_clump_diagonal
D:2:      minmay_skewed_foursquare, layout_loops_ring, serial_glass,
          glass_columns_b, glass_columns_a, uniq_terence
D:3:      layout_rooms
D:6:      lemuel_castle_with_subvaults [lemuel_castle_interior_original],
          layout_loops_ring, overflow_temple_1_default, hangedman_decor_lopped

Skill      XL: |  1  2  3  4  5 |
---------------+----------------+-----
Invocations    | 2 3 4 |  4.7
Axes           | 3 4 5 |  5.7
Fighting       | |  3.6
Armour         | |  2.4
Dodging        | |  1.1

Action                   |  1- 3 |  4- 6 || total
-------------------------+-------+-------++-------
Melee: Hand axe          |    66 |   137 ||   203
       Headbutt          |     9 |    26 ||    35
Invok: Depart the Abyss  |     1 |       ||     1
  Use: Scroll            |     4 |     5 ||     9
       Potion            |     3 |     4 ||     7
  Eat: Chunk             |     1 |     3 ||     4
Armor: Ring mail         |     9 |       ||     9
       Leather armour    |     1 |       ||     1
       Scale mail        |     1 |    57 ||    58
Dodge: Dodged            |    25 |    62 ||    87
